 Dungeon Crawl Stone Soup version 0.27.1 (webtiles) character file.

Game seed: 13334605259581968525

64 nxtlvl the Ruffian (level 3, -1/36 HPs)
             Began as a Troll Abyssal Knight on Sept 4, 2021.
             Was a Believer of Lugonu.
             Slain by a gnoll (7 damage)
             ... on level 6 of the Dungeon.
             The game lasted 00:02:57 (497 turns).

nxtlvl the Ruffian (Troll Abyssal Knight)            Turns: 497, Time: 00:02:58

Health: -1/36      AC:  4    Str: 20    XL:     3   Next: 91%
Magic:  3/3        EV:  9    Int:  9    God:    Lugonu [**....]
Gold:   61         SH:  0    Dex:  9    Spells: 2/2 levels left

rFire    . . .     SeeInvis .     - Unarmed
rCold    . . .     Faith    .   (no shield)
rNeg     . . .     Spirit   .   a - +0 robe
rPois    .         Reflect  .   (helmet restricted)
rElec    .         Harm     .   (no cloak)
rCorr    .         Rampage  .   (gloves unavailable)
Will     .....                  (boots unavailable)
Stlth    +.........             (no amulet)
HPRegen  1.12/turn              (no ring)
MPRegen  0.08/turn              (no ring)

@: no status effects
A: large, unfitting armour, claws 3, regeneration 1, shaggy fur 1, tough skin 1
a: Renounce Religion, Depart the Abyss, Bend Space


You were on level 6 of the Dungeon.
You worshipped Lugonu.
Lugonu was pleased with you.
You visited 1 branch of the dungeon, and saw 5 of its levels.
You visited the Abyss 1 time.

You collected 61 gold pieces.

Inventory:

Armour
 a - a +0 robe (worn)
Wands
 f - a wand of flame (16)
Scrolls
 b - a scroll of enchant armour {unknown}
 c - a scroll of amnesia {unknown}
 e - 2 scrolls of identify {unknown}
Potions
 d - a potion of brilliance {unknown}
 g - a potion of curing {unknown}


   Skills:
 - Level 2.4 Fighting
 - Level 1.9 Dodging
 * Level 4.3 Unarmed Combat
 - Level 1.5 Invocations


You had 2 spell levels left.
You didn't know any spells.
Your spell library was empty.

Dungeon Overview and Level Annotations

Branches:
Dungeon (4/15)
 Temple: D:4-7

Altars:

Annotations:
D:6 Menkaure


Innate Abilities, Weirdness & Mutations

You are too large for most types of armour.
You have claws for hands.
Your natural rate of healing is unusually fast.
You are covered in fur. (AC +1)
You have tough skin. (AC +1)


Message History

Found a glowing quarterstaff.
Found a chain mail.
The gnoll shouts!
The gnoll throws a throwing net.
The throwing net closely misses you.
A shadow imp comes into view.
The gnoll throws a throwing net.
The throwing net hits you.
You become entangled in the net!
You see here a throwing net.
You struggle against the net.
The gnoll barely misses you.
You struggle against the net.
The shadow imp shouts!
The gnoll hits you with a +0 club.
You struggle against the net.
Menkaure, Prince of Dust comes into view.
The gnoll hits you from afar with a +0 spear.
The gnoll hits you but does no damage. The steam dragon bites you.
The steam dragon claws you.
You rip the net and break free!
The gnoll hits you from afar with a +0 spear.
The gnoll closely misses you. The steam dragon barely misses you.
The steam dragon claws you.
The gnoll hits you from afar with a +0 spear.
The gnoll closely misses you. The gnoll hits you with a +0 flail.
* * * LOW HITPOINT WARNING * * *
A shadow comes into view.
The gnoll hits you with a +0 club.
* * * LOW HITPOINT WARNING * * *
Menkaure casts a spell.
Menkaure seems to speed up.
You are too injured to fight recklessly!
You are too injured to fight recklessly!
You are too injured to fight recklessly!
Unknown command.
You scratch the gnoll.
The gnoll is lightly wounded.
The gnoll barely misses you. The steam dragon closely misses you.
The steam dragon claws you.
* * * LOW HITPOINT WARNING * * *
The gnoll hits you with a +0 spear!
You die...

#..####....#
##.........#
#..........#
...........#
....M.....##
....W....(#
[......5..# .
......gDg####...
......g@##......
.......g........
.).....#..###...
......##..#
.....# #..#
#...# #... ####
#.... ##....
....


You could see a steam dragon, a shadow, Menkaure (fast), 4 gnolls and a shadow
imp.

Vanquished Creatures
  An iguana (D:4)
  An adder (D:3)
  A worm (D:4)
  A dart slug (D:4)
  An orc (D:4)
  3 ball pythons
  3 endoplasms
  3 giant cockroaches
  2 hobgoblins
  2 jackals (D:1)
  A quokka (D:3)
  2 frilled lizards
  3 rats
24 creatures vanquished.

Notes
Turn   | Place    | Note
-------+----------+-------------------------------------------
     0 | Abyss:1  | nxtlvl the Troll Abyssal Knight began the quest for the
                  | Orb.
     0 | Abyss:1  | Reached XP level 1. HP: 22/22 MP: 1/1
    11 | D:1      | Escaped the Abyss
   120 | D:1      | Found a faded altar of an unknown god.
   201 | D:3      | Reached XP level 2. HP: 25/29 MP: 2/2
   224 | D:3      | Reached skill level 3 in Unarmed Combat
   363 | D:4      | Reached XP level 3. HP: 35/36 MP: 3/3
   385 | D:4      | Reached ** piety under Lugonu
   430 | D:4      | Reached skill level 4 in Unarmed Combat
   485 | D:4      | You fall into a shaft and drop 2 floors!
   485 | D:6      | Noticed a steam dragon
   491 | D:6      | Noticed Menkaure
   494 | D:6      | Noticed a shadow
   497 | D:6      | Slain by a gnoll

Illustrated notes

Levels and vault maps discovered:
D:1:      dpeg_arrival_morbid_curiosity, layout_loops_ring,
          shapermc_ecumenical_altar_ellora, nrook_uturn
D:2:      layout_basic, serial_shops, shop_coins, uniq_terence
D:3:      layout_loops_ring, kennysheep_donut, kennysheep_generic_room_6
D:4:      layout_basic, gup_sewer_entry_bubbles, guppyfry_early_lair_pool
D:6:      layout_cave_pods, lemuel_temple_firewalk_b,
          kennysheep_generic_room_11, uniq_menkaure

Skill      XL: |  1  2  3 |
---------------+----------+-----
Unarmed Combat | 3 4 |  4.3
Fighting       | |  2.4
Dodging        | |  1.9
Invocations    | |  1.5

Action                   || total
-------------------------++-------
Melee: Unarmed           ||    59
       Punch             ||     1
Armor: Robe              ||    17
Dodge: Dodged            ||    28
